 Dungeon Crawl Stone Soup version 0.28.0-1-gb440e238dd (webtiles) character file.

Game seed: 5838329019797547885

1925 themarg the Caller (level 9, -7/62 HPs)
             Began as a Merfolk Summoner on Feb 20, 2022.
             Was an Initiate of Yredelemnul.
             Mangled by Duvessa (16 damage)
             ... on level 6 of the Dungeon.
             The game lasted 00:42:46 (8991 turns).

themarg the Caller (Merfolk Summoner)               Turns: 8991, Time: 00:42:47

Health: -7/62      AC:  3    Str:  9    XL:     9   Next: 17%
Magic:  5/18       EV: 13    Int: 18    God:    Yredelemnul [......]
Gold:   91         SH:  0    Dex: 14    Spells: 9/20 levels left

rFire   . . .      SeeInvis .   n - +0 trident
rCold   . . .      Faith    .   (no shield)
rNeg    + . .      Spirit   .   a - +0 robe
rPois   +          Reflect  .   m - +0 helmet
rElec   .          Harm     .   (no cloak)
rCorr   .          Rampage  .   (no gloves)
Will    .....                   (no boots)
Stlth   +++.......              (no amulet)
HPRegen 0.20/turn               b - ring of poison resistance
MPRegen 0.16/turn               p - ring of positive energy

@: studying Polearms
A: (nimble swimmer 2), mertail
a: Renounce Religion, Recall Undead Harvest


You were on level 6 of the Dungeon.
You worshipped Yredelemnul.
Yredelemnul was noncommittal.
You visited 1 branch of the dungeon, and saw 6 of its levels.

You collected 253 gold pieces.
You spent 162 gold pieces at shops.

Inventory:

Hand Weapons
 n - a +0 trident (weapon)
Missiles
 g - 17 poisoned darts
 i - a throwing net
 j - 218 stones
Armour
 a - a +0 robe (worn)
 k - a +0 buckler
 m - a +0 helmet (worn)
Jewellery
 b - a ring of poison resistance (left hand)
 p - a ring of positive energy (right hand)
 r - a ring of protection from cold
Wands
 o - a wand of paralysis (11)
Scrolls
 d - 4 scrolls of identify {unknown}
 e - 2 scrolls of amnesia {unknown}
 l - 2 scrolls of noise {unknown}
 q - 2 scrolls of blinking {unknown}
 s - a scroll of enchant weapon {unknown}
 t - a scroll of acquirement {unknown}
 u - a scroll of brand weapon {unknown}
 w - a scroll of magic mapping {unknown}
Potions
 c - a potion of heal wounds
 f - a potion of haste {unknown}
 h - 2 potions of flight {unknown}
 v - a potion of curing


   Skills:
 + Level 2.3 Fighting
 + Level 1.7 Short Blades
 + Level 0.2 Maces & Flails
 + Level 7.5 Polearms
 + Level 4.3 Dodging
 + Level 4.2 Stealth
 + Level 0.2 Unarmed Combat
 + Level 6.3 Spellcasting
 + Level 1.2 Hexes
 + Level 7.7 Summonings
 + Level 0.2 Air Magic


You had 9 spell levels left.
You knew the following spells:

 Your Spells              Type           Power      Damage    Failure   Level
a - Summon Small Mammal   Summ           100%       N/A       1%          1
b - Call Canine Familiar  Summ           33%        N/A       1%          3
c - Summon Guardian Gole  Hex/Summ       21%        N/A       5%          3
d - Summon Lightning Spi  Summ/Air       20%        N/A       22%         4

Your spell library contained the following spells:

 Spells                   Type           Power      Damage    Failure   Level
 Call Imp                 Summ           33%        N/A       1%          2
 Slow                     Hex            40%        N/A       7%          1
 Corpse Rot               Necr/Air       12%        N/A       17%         2
 Poisonous Vapours        Pois/Air       12%        N/A       17%         2
 Confusing Touch          Hex            10%        N/A       22%         3
 Inner Flame              Hex/Fire       7%         N/A       26%         3
 Vampiric Draining        Necr           5%         2d6       34%         3
 Cause Fear               Hex            5%         N/A       56%         4
 Discord                  Hex            5%         N/A       100%        8


Dungeon Overview and Level Annotations

Branches:
Dungeon (6/15)             Temple (0/1) D:6

Altars:
Yredelemnul

Shops:
D:3 [   D:5 !

Portals:
Abyss: D:5

Annotations:
D:5 2 transporters, PoweredByGinger's ghost, novice MiFi
D:6 Duvessa


Innate Abilities, Weirdness & Mutations

((You are very nimble when in or above water. (Stealth+, EV+, Speed+++)))
Your lower body shifts to a powerful aquatic tail in water.


Message History

Duvessa closely misses you.
Duvessa hits you with a +1 short sword of freezing!
Duvessa freezes you. The ice beast hits you. The ice beast freezes you!
You closely miss the ice beast.
The ice beast is almost dead.
Your hound barely misses Duvessa.
Duvessa hits you with a +1 short sword of freezing.
Duvessa freezes you.
You closely miss the ice beast.
The ice beast is almost dead.
Your hound bites Duvessa.
The ice beast hits you. The ice beast freezes you!
* * * LOW HITPOINT WARNING * * *
Duvessa hits your hound with a +1 short sword of freezing!!
Duvessa freezes your hound.
Your hound bites Duvessa but does no damage.
You closely miss the ice beast.
The ice beast is almost dead.
Duvessa misses your hound. The ice beast misses you.
Your hound closely misses Duvessa.
Duvessa hits your hound with a +1 short sword of freezing.
Duvessa freezes your hound.
You hit the ice beast.
You kill the ice beast!
Your hound closely misses Duvessa.
Duvessa hits your hound with a +1 short sword of freezing!
Duvessa freezes your hound.
Your hound dies!
Your hound's corpse disappears in a puff of smoke!
Duvessa shouts!
Your guardian golem overheats!
Duvessa barely misses you.
Duvessa hits you with a +1 short sword of freezing.
* * * LOW HITPOINT WARNING * * *
Duvessa freezes you.
* * * LOW HITPOINT WARNING * * *
Casting: Summon Guardian Golem (dangerous; 5% risk of failure)
Confirm with . or Enter, or press ? or * to list all spells.
Duvessa hits you with a +1 short sword of freezing!
You die...
Your body rises from the dead as a mindless zombie.

#.# #.###.#
#.# #.# #.#
#.# #.#
#.###.###.#
#.........#
##.....8###
#.#..#9#
##...h#.#
.......e#
##....#@#
#.#.##.#
#.#. #.# #
#.# ..# ###


You could see Duvessa (berserk, ally target), a friendly guardian golem
(summoned, inner flame), a friendly lightning spire (summoned, sheltered) and a
friendly hound (summoned).

Vanquished Creatures
  An ice beast (D:6)
  A phantom (D:4)
  3 wights (D:4)
  A howler monkey (D:4)
  2 hounds
  An orc priest (D:3)
  A bullfrog skeleton (D:6)
  An iguana (D:5)
  2 hound zombies
  An adder (D:2)
  A white imp (D:5)
  An adder skeleton (D:4)
  4 orcs
  2 bats (D:1)
  4 endoplasms
  3 hobgoblins
  A jackal (D:5)
  2 kobolds
  A quokka (D:3)
  3 ball pythons
  A ball python zombie (D:3)
  2 frilled lizards
  A goblin (D:4)
  4 rats
44 creatures vanquished.

Vanquished Creatures (collateral kills)
  3 necrophages
  An ogre (D:6)
  2 phantoms
  A bullfrog (D:6)
  A scorpion (D:5)
  Dowan (D:6)
  A killer bee (D:4)
  A howler monkey (D:5)
  2 wights (D:4)
  2 jellies
  An orc priest (D:5)
  An iguana (D:6)
  3 orc wizards
  2 hound skeletons
  3 gnolls (D:3)
  2 adders
  A white imp (D:5)
  An adder skeleton (D:4)
  6 worms
  5 dart slugs
  9 orcs
  3 endoplasms
  A giant cockroach (D:3)
  5 hobgoblins
  A jackal (D:5)
  9 ball pythons
  A ball python zombie (D:3)
  5 bats
  A frilled lizard (D:2)
  A giant cockroach zombie (D:3)
  2 goblins (D:1)
  8 kobolds
  2 rats
88 creatures vanquished.

Vanquished Creatures (others)
  A steam dragon (D:6)
  A wyvern skeleton (D:5)
  A bullfrog zombie (D:6)
  2 hound zombies
  A gnoll (D:3)
  An iguana zombie (D:6)
  A spectral white imp (D:5)
  A worm zombie (D:4)
  2 ball python zombies (D:4)
  A hobgoblin zombie (D:4)
  2 kobold zombies (D:4)
  2 orc zombies
16 creatures vanquished.

Grand Total: 148 creatures vanquished

Notes
Turn   | Place    | Note
-------+----------+-------------------------------------------
     0 | D:1      | themarg the Merfolk Summoner began the quest for the Orb.
     0 | D:1      | Reached XP level 1. HP: 13/13 MP: 3/3
   243 | D:1      | Reached XP level 2. HP: 6/19 MP: 0/5
  1358 | D:1      | Reached XP level 3. HP: 16/24 MP: 3/6
  2030 | D:2      | Learned a level 3 spell: Call Canine Familiar
  2276 | D:2      | Found a faded altar of an unknown god.
  2817 | D:2      | Reached XP level 4. HP: 18/30 MP: 4/7
  3633 | D:3      | Found Nowen's Antique Armour Shop.
  3640 | D:3      | Bought a helmet for 126 gold pieces
  3752 | D:3      | Noticed a necrophage
  3765 | D:3      | Killed a necrophage
  3766 | D:3      | Reached skill level 1 in Short Blades
  3766 | D:3      | Reached skill level 5 in Summonings
  3766 | D:3      | Reached XP level 5. HP: 36/36 MP: 3/9
  4372 | D:3      | Learned a level 3 spell: Summon Guardian Golem
  4392 | D:3      | Reached XP level 6. HP: 29/42 MP: 7/11
  4512 | D:3      | Reached skill level 1 in Polearms
  4752 | D:3      | Found a basalt altar of Yredelemnul.
  4756 | D:3      | Became a worshipper of Yredelemnul the Dark
  5020 | D:3      | Reached skill level 1 in Fighting
  5594 | D:4      | Reached XP level 7. HP: 45/48 MP: 5/12
  5708 | D:4      | HP: 1/44 [wight (5)]
  6681 | D:5      | Entered Level 5 of the Dungeon
  6917 | D:5      | Found Vutotuila's Distillery.
  6929 | D:5      | Bought a potion of curing for 36 gold pieces
  6940 | D:5      | Reached XP level 8. HP: 56/56 MP: 8/15
  7074 | D:5      | Reached * piety under Yredelemnul
  7106 | D:5      | Reached skill level 5 in Polearms
  7130 | D:5      | Reached skill level 5 in Spellcasting
  7534 | D:5      | Found a one-way gate to the infinite horrors of the Abyss.
  7534 | D:5      | Noticed PoweredByGinger's ghost (novice MiFi)
  7545 | D:5      | Noticed a toenail golem
  7552 | D:5      | Found a transporter.
  7611 | D:5      | Reached ** piety under Yredelemnul
  7890 | D:5      | Found a transporter.
  8526 | D:6      | Found a staircase to the Ecumenical Temple.
  8549 | D:6      | Reached skill level 1 in Hexes
  8574 | D:6      | Noticed Dowan
  8580 | D:6      | Learned a level 4 spell: Summon Lightning Spire
  8590 | D:6      | Killed Dowan
  8654 | D:6      | Reached XP level 9. HP: 61/61 MP: 8/18
  8972 | D:6      | Noticed Duvessa
  8991 | D:6      | Mangled by Duvessa

Illustrated notes

Levels and vault maps discovered:
D:1:      lightli_arrival_statue_moat, layout_basic, minmay_pentomino_x4
D:2:      layout_loops_cross, shapermc_ecumenical_altar_gd
D:3:      layout_basic, nicolae_yredelemnul_corpse_copse, serial_shops,
          nicolae_diamond_shop, minmay_quadrilaterals
D:4:      layout_basic, interstate_on_off, minmay_manual_monolith
D:5:      layout_basic, gammafunk_ghost_abyssal_escape, serial_shops,
          nicolae_diamond_shop, dk_noncrumbling_2
D:6:      layout_loops_corners, zin_statuary, amethyst_overflow_temple_binary,
          minmay_temple_entry_mini_moons, uniq_duvessa, uniq_edmund

Skill      XL: |  1  2  3  4  5  6  7  8  9 |
---------------+----------------------------+-----
Short Blades   | 1 |  1.7
Dodging        | 3 4 |  4.3
Spellcasting   | 3 4 6 |  6.3
Summonings     | 5 6 7 |  7.7
Stealth        | 3 4 |  4.2
Polearms       | 3 4 6 7 |  7.5
Fighting       | 1 2 |  2.3
Hexes          | 1 |  1.2
Maces & Flails | |  0.2
Unarmed Combat | |  0.2
Air Magic      | |  0.2

Action                   |  1- 3 |  4- 6 |  7- 9 || total
-------------------------+-------+-------+-------++-------
Melee: Unarmed           |    16 |       |       ||    16
       Tailslap          |     4 |       |       ||     4
       Punch             |     1 |       |     3 ||     4
       Club              |    22 |       |       ||    22
       Short sword       |    39 |    33 |       ||    72
       Trident           |       |    78 |   170 ||   248
 Cast: Summon Small Mamm |    55 |    13 |     3 ||    71
       Call Canine Famil |       |    24 |    42 ||    66
       Summon Guardian G |       |     2 |    11 ||    13
       Summon Lightning  |       |       |     4 ||     4
  Use: Potion            |       |       |     3 ||     3
 Stab: Sleeping          |     2 |     6 |     3 ||    11
       Distracted        |     1 |       |     6 ||     7
Armor: Robe              |    23 |     8 |     6 ||    37
Dodge: Dodged            |    57 |    51 |    60 ||   168
